[Event "Team 45 45 League T48"]
[Site "Internet Chess Club"]
[Date "2011.03.31"]
[Round "8"]
[White "BlackHorse"]
[Black "MtzKid"]
[Result "1-0"]
[WhiteElo "2050"]
[BlackElo "1628"]
[Opening "French: MacCutcheon, Dr. Olland (Dutch) variation"]
[ECO "C12"]
[Time "17:00:19"]
[TimeControl "2700+45"]

1. e4 e6 2. d4 d5 3. Nc3 Nf6 4. Bg5 Bb4 5. e5 h6 6. Bc1 Ne4 7. Qg4 g6 8. Ne2 c5
9. a3 Ba5 10. b4 Nxc3 11. Nxc3 cxd4 12. Nb5 Bc7 13. f4 Nc6 14. Bd3 a6 15. Nxc7+
Qxc7 16. O-O a5 17. b5 Ne7 18. a4 Nf5 19. Qh3 Qc3 20. Rb1 Bd7 21. Rb3 Qc7 22. g4
Ne3 23. Bxe3 dxe3 24. Qxe3 Rc8 25. Kh1 Qc5 26. Qe1 b6 27. Qh4 Qe7 28. Qf2 Qc5
29. Qg3 h5 30. gxh5 gxh5 31. Qg7 Qf8 32. Qg5 Qh6 33. h4 Qxg5 34. fxg5 Rc5 35.
Rbb1 Ke7 36. Rf6 d4 37. Re1 Bc8 38. Ref1 Rf8 39. g6 Bb7+ 40. Kh2 {Black resigns}
1-0

[Event "Team 45 45 League T48"]
[Site "Internet Chess Club"]
[Date "2011.04.03"]
[Round "8"]
[White "Magagna"]
[Black "BuddyT"]
[Result "1/2-1/2"]
[WhiteElo "1886"]
[BlackElo "1749"]
[Opening "QGD: Orthodox defense, Swiss, Karlsbad variation"]
[ECO "D63"]
[Time "19:00:27"]
[TimeControl "2700+45"]

1. d4 e6 2. c4 d5 3. Nc3 Be7 4. Nf3 Nf6 5. Bg5 O-O 6. e3 Nbd7 7. Rc1 a6 8. cxd5
exd5 9. Bd3 c6 10. O-O Re8 11. h3 Nf8 12. a3 h6 13. Bxf6 Bxf6 14. b4 Ng6 15. Qb3
Ne7 16. a4 Bf5 17. Bxf5 Nxf5 18. b5 Nd6 19. Nd2 Rb8 20. Rc2 Qe7 21. Rfc1 Nf5 22.
Nf3 Nd6 23. Nd2 Nf5 24. Nf3 Nd6 {Game drawn by mutual agreement} 1/2-1/2

[Event "Team 45 45 League T48"]
[Site "Internet Chess Club"]
[Date "2011.04.02"]
[Round "8"]
[White "TwoEqualsOne"]
[Black "wrimle"]
[Result "1-0"]
[WhiteElo "1760"]
[BlackElo "1670"]
[Opening "King's Indian: 4.e4"]
[ECO "E70"]
[Time "03:00:17"]
[TimeControl "2700+45"]

1. d4 Nf6 2. c4 g6 3. Nc3 Bg7 4. e4 d6 5. Bd3 O-O 6. Nge2 e5 7. d5 a5 8. O-O Na6
9. f4 exf4 10. Bxf4 Nd7 11. Qd2 Nac5 12. Bc2 Ne5 13. b3 Bg4 14. Rae1 Qe7 15. h3
Bd7 16. Bg5 f6 17. Bh4 Rf7 18. Nb5 Bxb5 19. cxb5 Qd7 20. Nd4 b6 21. a3 a4 22. b4
Nb3 23. Bxb3 axb3 24. Qc3 Rxa3 25. Ra1 Rxa1 26. Rxa1 f5 27. Ra8+ Rf8 28. Rxf8+
Kxf8 29. Qxb3 Nf3+ 30. Nxf3 fxe4 31. Ng5 Qxb5 32. Ne6+ Kg8 33. Nxg7 Kxg7 34.
Qc3+ Kg8 35. Qxc7 Qxd5 36. Qd8+ Kg7 37. Bf6+ Kh6 38. Qf8+ Kh5 39. g4# {Black
checkmated} 1-0

[Event "Team 45 45 League T48"]
[Site "Internet Chess Club"]
[Date "2011.04.03"]
[Round "8"]
[White "SlimeDog2"]
[Black "mickeys"]
[Result "0-1"]
[WhiteElo "2025"]
[BlackElo "1973"]
[Opening "QGD: 4.Nf3"]
[ECO "D37"]
[Time "22:23:11"]
[TimeControl "2700+45"]

1. d4 e6 2. c4 d5 3. Nf3 Nf6 4. Nc3 Nc6 5. Bg5 Be7 6. e3 h6 7. Bh4 O-O 8. Rc1
Ne4 9. Nxe4 dxe4 10. Bxe7 Qxe7 11. Nd2 f5 12. Qb3 Kh8 13. Be2 Qg5 14. O-O Rb8
15. c5 Nxd4 16. exd4 Qxd2 17. Bc4 Qxd4 18. Qa3 a6 19. c6 Qf6 20. cxb7 Bxb7 21.
Rfd1 Qe5 22. Bf1 Bd5 23. Rc3 f4 24. Bxa6 e3 25. fxe3 Qe4 26. Rd2 fxe3 27. Rxe3
Qb1+ {White resigns} 0-1

[Event "Team 45 45 League T48"]
[Site "Internet Chess Club"]
[Date "2011.04.03"]
[Round "8"]
[White "pishd"]
[Black "RosewoodTele"]
[Result "1/2-1/2"]
[WhiteElo "1794"]
[BlackElo "1833"]
[Opening "King's Indian: London system"]
[ECO "A48"]
[Time "09:31:38"]
[TimeControl "2700+45"]

1. d4 Nf6 2. Nf3 g6 3. Bf4 Bg7 4. e3 O-O 5. Be2 d6 6. h3 Nc6 7. O-O Nd7 8. Bh2
e5 9. d5 Ne7 10. c4 f5 11. Re1 Nf6 12. Nc3 h6 13. Rc1 g5 14. b4 Rf7 15. c5 dxc5
16. Nxe5 Rf8 17. bxc5 Nexd5 18. Qb3 Kh7 19. Rcd1 c6 20. f3 Qe7 21. Nxd5 Nxd5 22.
Nc4 Rf6 23. e4 Qxc5+ 24. Kh1 fxe4 25. fxe4 Nf4 26. Bg1 Qe7 27. Bf1 Be6 28. Qc2
Bxc4 29. Bxc4 Kh8 30. Bd4 Rff8 31. Bb3 Rad8 32. Bc5 Qe5 33. Bxf8 Rxf8 34. Rd7
Nh5 35. Rxb7 Qd4 36. Qc4 Qf2 37. Rd1 Be5 38. Rf7 Ng3+ 39. Kh2 Nxe4+ 40. Kh1 Ng3+
41. Kh2 Nf1+ 42. Kh1 Ng3+ {Game drawn by mutual agreement} 1/2-1/2

[Event "Team 45 45 League T48"]
[Site "Internet Chess Club"]
[Date "2011.03.31"]
[Round "8"]
[White "musk6868"]
[Black "cknights"]
[Result "0-1"]
[WhiteElo "1946"]
[BlackElo "1858"]
[Opening "QGD Slav: 4.e3"]
[ECO "D11"]
[Time "19:03:23"]
[TimeControl "2700+45"]

1. d4 d5 2. Nf3 Nf6 3. c4 c6 4. e3 e6 5. Bd3 Nbd7 6. O-O Bd6 7. Qc2 g5 8. e4
dxe4 9. Bxe4 g4 10. Ne1 c5 11. Be3 Qc7 12. g3 Nxe4 13. Qxe4 Nf6 14. Qc2 cxd4 15.
Bxd4 e5 16. Be3 Be6 17. b3 Be7 18. Nc3 Rd8 19. Qe2 Qa5 20. Rc1 h6 21. Nd3 Ba3
22. Rc2 Bf5 23. Rd1 Kf8 24. Nb5 Kg7 25. Nc3 Bb4 26. Nd5 Nxd5 27. cxd5 Qxd5 28.
Nb2 Qf3 29. Qxf3 gxf3 30. Rxd8 Rxd8 31. Rc1 b5 32. Rd1 Rxd1+ 33. Nxd1 Bc2 34.
Nb2 Ba3 35. Bc1 b4 36. Kf1 Bb1 37. Ke1 Bxa2 38. Kd2 Bxb3 39. Ke3 Bd5 40. Kd3 a5
41. Kc2 b3+ 42. Kd3 Kg6 43. Kd2 Kf5 44. Kd3 a4 45. h3 Bc5 46. Nxa4 e4+ 47. Kd2
e3+ 48. fxe3 Bb4+ 49. Kd3 f2 50. Ke2 Be1 51. g4+ Kg6 52. Nb2 Bg2 53. Nd3 f1=Q+
54. Kd1 Bc3+ 55. Ne1 Qxe1# {White checkmated} 0-1

[Event "Team 45 45 League T48"]
[Site "Internet Chess Club"]
[Date "2011.04.02"]
[Round "8"]
[White "cosen"]
[Black "tryanything"]
[Result "1-0"]
[WhiteElo "1657"]
[BlackElo "1555"]
[Opening "Bird: From gambit"]
[ECO "A02"]
[Time "18:50:06"]
[TimeControl "2700+45"]

1. f4 e5 2. fxe5 d6 3. Nf3 Nc6 4. exd6 Bxd6 5. d4 Nf6 6. Nc3 h6 7. e4 Bb4 8. Qd3
O-O 9. Be2 Re8 10. e5 Nd5 11. O-O Bg4 12. Ng5 hxg5 13. Bxg4 Nxc3 14. bxc3 Ba5
15. Bh5 Rf8 16. Ba3 Ne7 17. e6 f6 18. Bf7+ Rxf7 19. exf7+ Kxf7 20. Bxe7 Qxe7 21.
Rae1 Qd8 22. Qc4+ Kf8 23. Re6 c6 24. Rfe1 Qd5 25. Qd3 Kf7 26. Re7+ Kf8 {Black
resigns} 1-0

[Event "Team 45 45 League T48"]
[Site "Internet Chess Club"]
[Date "2011.04.04"]
[Round "8"]
[White "Gregorio"]
[Black "charles-allen"]
[Result "1-0"]
[WhiteElo "2044"]
[BlackElo "1890"]
[Opening "English: four knights, kingside fianchetto"]
[ECO "A29"]
[Time "21:00:17"]
[TimeControl "2700+45"]

1. c4 e5 2. Nc3 Nf6 3. Nf3 Nc6 4. g3 Bc5 5. Bg2 d6 6. a3 a6 7. e3 O-O 8. d4 Ba7
9. d5 Ne7 10. Nh4 Ng6 11. Nf3 Ne8 12. h4 f5 13. Ng5 f4 14. Nxh7 Kxh7 15. Qh5+
Kg8 16. Qxg6 Bf5 17. Qg5 fxg3 18. Qxg3 Nf6 19. Bd2 Nh5 20. Qg5 Qxg5 21. hxg5 g6
22. O-O-O Bd3 23. Be4 Bxc4 24. Bxg6 Ng7 25. Rh4 Nf5 26. Bxf5 Rxf5 27. Rxc4 Bc5
28. Ne4 b5 29. Rc2 Bb6 30. Rh1 Kg7 31. Rc6 Raf8 32. Rh2 Rh8 33. Rxh8 Kxh8 34.
Nxd6 Rxf2 35. Ne4 Rg2 36. d6 {Black resigns} 1-0

[Event "Team 45 45 League T48"]
[Site "Internet Chess Club"]
[Date "2011.04.04"]
[Round "8"]
[White "flyingpawns"]
[Black "MeanMrMustard"]
[Result "0-1"]
[WhiteElo "1762"]
[BlackElo "1859"]
[Opening "QGD Slav: Dutch variation"]
[ECO "D18"]
[Time "21:00:25"]
[TimeControl "2700+45"]

1. d4 d5 2. c4 c6 3. Nc3 Nf6 4. Nf3 dxc4 5. a4 Bf5 6. e3 e6 7. Bxc4 Bb4 8. O-O
O-O 9. Qb3 Qe7 10. Na2 Bd6 11. Bd2 a5 12. h3 Ne4 13. Nc3 Nxd2 14. Nxd2 Na6 15.
Nce4 Bb8 16. Bxa6 Rxa6 17. Nc5 Ra7 18. Rfc1 Qc7 19. Nf3 Qe7 20. e4 Bg6 21. e5
Rd8 22. Rc3 Bh5 23. g4 Bg6 24. Rd1 h5 25. g5 Bf5 26. h4 Bg4 27. Kg2 Rd5 28. Ne4
Qb4 29. Qxb4 axb4 30. Rb3 Rxa4 31. Nc5 Ra5 32. Rdd3 Bxf3+ 33. Kxf3 b6 34. Ne4 c5
35. dxc5 bxc5 36. Nd2 Ra1 37. Nc4 Rh1 38. Ne3 Rxd3 39. Rxd3 Bxe5 40. Rd8+ Kh7
41. Nc4 Bd4 42. Rd7 Kg6 43. Nd6 Bxb2 44. Nxf7 Rxh4 45. Re7 c4 46. Nh8+ Kxg5 47.
Rxe6 c3 48. Nf7+ Kf5 49. Rc6 b3 50. Nd6+ Ke5 51. Nf7+ Kd5 52. Rc8 c2 53. Rd8+
Ke6 54. Ng5+ Ke7 55. Rb8 c1=Q 56. Rb7+ Kd6 57. Nf7+ Kc6 {White resigns} 0-1

[Event "Team 45 45 League T48"]
[Site "Internet Chess Club"]
[Date "2011.03.31"]
[Round "8"]
[White "ghostfire"]
[Black "j65536d"]
[Result "1-0"]
[WhiteElo "1694"]
[BlackElo "1777"]
[Opening "Sicilian: dragon, Yugoslav attack, Rauser variation"]
[ECO "B76"]
[Time "22:00:04"]
[TimeControl "2700+45"]

1. e4 c5 2. Nf3 d6 3. d4 cxd4 4. Nxd4 Nf6 5. Nc3 g6 6. Be3 Bg7 7. f3 O-O 8. Qd2
Nc6 9. O-O-O Nxd4 10. Bxd4 Be6 11. Kb1 a6 12. h4 b5 13. h5 Nxh5 14. Bxg7 Kxg7
15. g4 Nf6 16. Qh6+ Kh8 17. e5 Nh5 18. gxh5 g5 19. Bd3 f5 20. Qxe6 Rb8 21. Bxf5
a5 22. exd6 exd6 23. Rxd6 {Black resigns} 1-0

[Event "Team 45 45 League T48"]
[Site "Internet Chess Club"]
[Date "2011.04.01"]
[Round "8"]
[White "ChessicalZ"]
[Black "Egmont"]
[Result "1-0"]
[WhiteElo "1704"]
[BlackElo "1734"]
[Opening "English: Anglo-Dutch defense"]
[ECO "A10"]
[Time "10:00:13"]
[TimeControl "2700+45"]

1. c4 f5 2. b3 Nf6 3. Bb2 e6 4. Nf3 d5 5. d3 Bd6 6. Nc3 c6 7. g3 O-O 8. e3 Bd7
9. Bg2 Be8 10. Nd4 Qe7 11. O-O Nbd7 12. Re1 Bh5 13. Qd2 Bg6 14. cxd5 exd5 15.
Nde2 Ne5 16. Nf4 Bh5 17. Nxh5 Nxh5 18. e4 d4 19. exf5 Bb4 20. a3 dxc3 21. Bxc3
Bxc3 22. Qxc3 Rxf5 23. f4 Rd8 24. d4 Nf6 25. dxe5 Nd5 26. Qc2 Rff8 27. b4 Qc7
28. Rad1 Qb6+ 29. Kh1 Ne3 30. Qb3+ Kh8 31. Rxd8 Rxd8 32. Qxe3 Qxe3 33. Rxe3 Rd1+
34. Bf1 Rxf1+ 35. Kg2 Rd1 36. e6 Rd8 37. f5 Kg8 38. g4 Re8 39. Rd3 Kf8 40. h4 g6
41. Kf3 gxf5 42. gxf5 Re7 43. Kf4 Kg7 44. Ke5 {Black resigns} 1-0

[Event "Team 45 45 League T48"]
[Site "Internet Chess Club"]
[Date "2011.04.01"]
[Round "8"]
[White "DreamCatcher13"]
[Black "DARKwizard1"]
[Result "0-1"]
[WhiteElo "1933"]
[BlackElo "1994"]
[Opening "KP: Nimzovich defense"]
[ECO "B00"]
[Time "17:28:54"]
[TimeControl "2700+45"]

1. e4 Nc6 2. d4 e5 3. d5 Nce7 4. Nf3 d6 5. Nc3 a6 6. a4 Ng6 7. g3 Be7 8. Bg2 Nf6
9. O-O O-O 10. Nd2 h6 11. Nc4 Rb8 12. Qd3 Nd7 13. Be3 Bg5 14. f4 exf4 15. gxf4
Bf6 16. Qe2 Re8 17. Qh5 Bxc3 18. bxc3 Nf6 19. Qf3 Rxe4 20. f5 Nh4 21. Qe2 Nxg2
22. Kxg2 Qe7 23. Qd3 b5 24. axb5 axb5 25. Na5 Rxe3 26. Nc6 Qe8 27. Qd4 Rb6 28.
Ra8 Re2+ 29. Kh1 Rxc6 30. dxc6 Qxc6+ {White resigns} 0-1

[Event "Team 45 45 League T48"]
[Site "Internet Chess Club"]
[Date "2011.04.05"]
[Round "8"]
[White "kidviper"]
[Black "bshribharath"]
[Result "0-1"]
[WhiteElo "1925"]
[BlackElo "1783"]
[Opening "Ruy Lopez: fianchetto (Smyslov/Barnes) defense"]
[ECO "C60"]
[Time "13:00:50"]
[TimeControl "2700+45"]

1. e4 e5 2. Nf3 Nc6 3. Bb5 g6 4. c3 Bg7 5. d4 exd4 6. cxd4 Nge7 7. O-O d5 8.
exd5 Nxd5 9. Re1+ Be6 10. Ng5 O-O 11. Bxc6 bxc6 12. Nxe6 fxe6 13. Nc3 c5 14. Qe2
Bxd4 15. Qxe6+ Kh8 16. Ne4 Qe8 17. Qxe8 Raxe8 18. Kf1 Nb4 19. Re2 Rxe4 20. Rxe4
Rxf2+ 21. Ke1 Nc2+ 22. Kd1 Nxa1 23. Bh6 Kg8 24. Re8+ Kf7 25. Rf8+ Ke6 26. Rxf2
Bxf2 27. Bf4 Bd4 28. Kc1 Be5 29. Be3 c4 30. Bd2 Bxh2 31. Kb1 Nb3 32. axb3 cxb3
33. Be3 a5 34. Kc1 Kd5 35. Kd2 Be5 36. Kc1 a4 37. Bg5 h5 38. Be7 c5 39. Bd8 c4
40. Ba5 Ke4 41. Be1 Kd3 42. Bh4 a3 43. Kb1 a2+ 44. Ka1 Kc2 45. Bf6 Bxf6 46. g4
Bxb2# {White checkmated} 0-1

[Event "Team 45 45 League T48"]
[Site "Internet Chess Club"]
[Date "2011.04.02"]
[Round "8"]
[White "Ivio"]
[Black "ferrari9182"]
[Result "0-1"]
[WhiteElo "1803"]
[BlackElo "1965"]
[Opening "King's Indian: Petrosian system, main line"]
[ECO "E93"]
[Time "16:06:11"]
[TimeControl "2700+45"]

1. d4 Nf6 2. c4 g6 3. Nc3 Bg7 4. Nf3 d6 5. e4 O-O 6. Be2 e5 7. d5 Nbd7 8. b4 a5
9. bxa5 Nc5 10. Nd2 c6 11. O-O Qxa5 12. Bb2 Bd7 13. Nb3 Qb6 14. Bf3 cxd5 15.
cxd5 Rfc8 16. Rb1 h5 17. h3 Na4 18. Nxa4 Rxa4 19. Nd2 Qa5 20. a3 Bh6 21. Nb3 Qa7
22. Re1 Rac4 23. Bc1 Bxc1 24. Nxc1 Qxa3 25. Nb3 Ba4 26. Re3 Rc3 27. Qd2 Rxb3 28.
Rbxb3 Bxb3 29. Bd1 Qc1 30. Qb4 Bxd1 31. Re1 Qc3 32. Qxc3 Rxc3 33. Rxd1 Nxe4 34.
Rb1 Nc5 35. Rb6 Ne4 36. f3 Nf6 37. Rxd6 Kg7 38. Rb6 Rc7 39. d6 Rd7 40. Kf2 Ne8
41. Rb5 f6 42. Ke3 Nxd6 43. Rb4 Kf7 44. g4 b5 45. f4 exf4+ 46. Kxf4 g5+ 47. Ke3
h4 48. Kd4 Ke6 49. Kc5 Rc7+ 50. Kb6 Rc3 {White resigns} 0-1

[Event "Team 45 45 League T48"]
[Site "Internet Chess Club"]
[Date "2011.04.03"]
[Round "8"]
[White "kidcobra"]
[Black "Salvatore"]
[Result "1/2-1/2"]
[WhiteElo "1662"]
[BlackElo "1611"]
[Opening "Sicilian: dragon, Yugoslav attack, Rauser variation"]
[ECO "B76"]
[Time "15:00:06"]
[TimeControl "2700+45"]

1. e4 c5 2. Nf3 d6 3. d4 cxd4 4. Nxd4 Nf6 5. Nc3 g6 6. Be3 Bg7 7. f3 O-O 8. Qd2
Nc6 9. O-O-O Bd7 10. Nxc6 bxc6 11. Bh6 Bh8 12. Bxf8 Qxf8 13. h3 Rb8 14. Bc4 a5
15. f4 Bg7 16. Bb3 Be6 17. Rde1 Bxb3 18. cxb3 Nd7 19. Na4 Rb4 20. Kb1 Qb8 21.
Qe2 e6 22. Rc1 c5 23. Rc4 Rb7 24. Rcc1 Rb5 25. Rhd1 Bh6 26. g3 Bf8 27. e5 d5 28.
Rd3 Rb4 29. Rdc3 Re4 30. Re3 Rb4 31. Rec3 Re4 32. Re3 Rb4 33. Rec3 {Game drawn
by repetition} 1/2-1/2

[Event "Team 45 45 League T48"]
[Site "Internet Chess Club"]
[Date "2011.03.31"]
[Round "8"]
[White "Terte"]
[Black "theophilus"]
[Result "0-1"]
[WhiteElo "2020"]
[BlackElo "2214"]
[Opening "French: Winawer, advance variation"]
[ECO "C16"]
[Time "13:06:33"]
[TimeControl "2700+45"]

1. e4 e6 2. d4 d5 3. Nc3 Bb4 4. e5 Ne7 5. a3 Bxc3+ 6. bxc3 b6 7. Qg4 Ng6 8. h4
h5 9. Qg3 Ba6 10. Bxa6 Nxa6 11. Qd3 Nb8 12. Bg5 Qc8 13. Ne2 Qa6 14. O-O Qxd3 15.
cxd3 Nd7 16. Nf4 Nxf4 17. Bxf4 c5 18. Be3 Rc8 19. Rab1 c4 20. dxc4 Rxc4 21. Bd2
Ke7 22. f4 Rhc8 23. f5 f6 24. Rbe1 fxe5 25. dxe5 Nc5 26. f6+ gxf6 27. exf6+ Kf7
28. Re5 Rxh4 29. Rg5 Rg4 30. Rxh5 Ne4 31. Rh7+ Kg8 32. Rxa7 Nxd2 33. f7+ Kf8 34.
Rf6 e5 35. Rh6 Kg7 36. Rh7+ Kg6 37. Re7 Nf3+ 38. Kf2 Ng5 39. Re8 Rf4+ 40. Ke2
Nxh7 41. Rxc8 Rxf7 42. Rb8 Ra7 43. Rxb6+ Nf6 44. c4 dxc4 45. Rc6 Rxa3 46. Rxc4
Kf5 47. Rb4 Nd5 48. Rh4 Nf4+ 49. Kf2 Ra2+ 50. Kf1 Rxg2 51. Rh8 Ra2 52. Rb8 e4
53. Rb4 e3 54. Rb1 e2+ {White resigns} 0-1

[Event "Team 45 45 League T48"]
[Site "Internet Chess Club"]
[Date "2011.04.01"]
[Round "8"]
[White "mickeys"]
[Black "nightly"]
[Result "1/2-1/2"]
[WhiteElo "1953"]
[BlackElo "1875"]
[Opening "Queen's Indian: 4.Nc3"]
[ECO "E12"]
[Time "10:00:15"]
[TimeControl "2700+45"]

1. d4 Nf6 2. Nf3 e6 3. c4 b6 4. Nc3 Bb4 5. Qb3 c5 6. a3 Bxc3+ 7. Qxc3 O-O 8.
dxc5 bxc5 9. Bg5 Nc6 10. e3 h6 11. Bxf6 Qxf6 12. Qxf6 gxf6 13. O-O-O Rb8 14. Rg1
Rd8 15. g4 Na5 16. Nd2 Ba6 17. Kc2 d5 18. cxd5 Bxf1 19. Rgxf1 exd5 20. Rfe1 Kg7
21. e4 d4 22. b3 Nc6 23. Rc1 Rb5 24. Red1 Rdb8 25. f4 Na5 26. Rb1 Rc8 27. Rg1
Rb6 28. Rg3 Rbc6 29. Kd3 c4+ 30. bxc4 Nxc4 31. Nxc4 Rxc4 32. Rb4 Rc2 33. Rb5
Rxh2 34. Kxd4 Rhc2 35. Rbb3 R2c4+ 36. Kd3 Ra4 37. Re3 Rcc4 38. f5 Rd4+ 39. Ke2
Rxe4 40. Rxe4 Rxe4+ 41. Kf3 Rc4 42. Rd3 {Game drawn by mutual agreement} 1/2-1/2

[Event "Team 45 45 League T48"]
[Site "Internet Chess Club"]
[Date "2011.04.02"]
[Round "8"]
[White "poni"]
[Black "Pacini"]
[Result "1-0"]
[WhiteElo "1983"]
[BlackElo "1959"]
[Opening "Sicilian: accelerated fianchetto, Maróczy bind, 6.Be3"]
[ECO "B38"]
[Time "11:04:38"]
[TimeControl "2700+45"]

1. e4 c5 2. Nf3 g6 3. c4 Nc6 4. d4 cxd4 5. Nxd4 Bg7 6. Be3 d6 7. Nc3 Nf6 8. Be2
O-O 9. O-O Nxd4 10. Bxd4 Bd7 11. Qd2 Bc6 12. f3 a5 13. b3 Nd7 14. Be3 Nc5 15.
Rab1 e6 16. Rfd1 Be5 17. g3 Qe7 18. Nb5 Bxb5 19. cxb5 Rfd8 20. Bc4 b6 21. Qf2
Bg7 22. a3 Rac8 23. Bf1 Qb7 24. b4 axb4 25. axb4 Na4 26. Rbc1 Rxc1 27. Rxc1 d5
28. exd5 exd5 29. Bd4 Rc8 30. Ra1 Bxd4 31. Qxd4 Nc3 32. Ra6 Qe7 33. Kf2 Qd7 34.
Rxb6 h5 35. Qf6 Qa7 36. Kg2 Qa2+ 37. Kh3 Qf2 38. Bd3 Ne2 39. Bxe2 Qxe2 40. Rc6
Rb8 41. b6 Qf1+ 42. Kh4 Qf2 43. Kg5 Qe3+ 44. f4 Qe8 45. Rc7 Rxb6 46. Qxb6 Qd8+
47. Kh6 Qf8+ 48. Kg5 Qd8+ 49. Qf6 Qxc7 50. Kh6 Kf8 51. b5 Qd7 52. b6 Ke8 53.
Qe5+ Kd8 54. Qb8+ Qc8 55. Qd6+ Ke8 56. Qxd5 Ke7 57. Qe5+ Kd7 58. Qc7+ Qxc7 59.
bxc7 Kxc7 60. Kg7 {Black resigns} 1-0

[Event "Team 45 45 League T48"]
[Site "Internet Chess Club"]
[Date "2011.04.03"]
[Round "8"]
[White "subterfuge"]
[Black "koni"]
[Result "1-0"]
[WhiteElo "1779"]
[BlackElo "1926"]
[Opening "Old Indian defense"]
[ECO "A42"]
[Time "14:09:37"]
[TimeControl "2700+45"]

1. d4 d6 2. c4 e5 3. d5 f5 4. Nc3 Nf6 5. Qc2 Be7 6. g3 O-O 7. Bg2 a5 8. Nf3 Na6
9. h3 Nc5 10. Be3 b6 11. Nd2 Bd7 12. O-O-O Qb8 13. f4 e4 14. Bd4 b5 15. cxb5
Bxb5 16. g4 fxg4 17. hxg4 Nxg4 18. Ndxe4 Rxf4 19. Nxc5 Rxd4 20. Qxh7+ Kf7 21.
Rxd4 Nf6 22. Rf4 dxc5 23. Be4 Ke8 24. Qxg7 Qb6 25. Bf5 Qd6 26. Rh8+ Bf8 27. Bg6+
Kd8 28. Rxf8+ Ne8 29. Nxb5 {Black resigns} 1-0

[Event "Team 45 45 League T48"]
[Site "Internet Chess Club"]
[Date "2011.04.02"]
[Round "8"]
[White "Monsoon-Smith"]
[Black "QueensCounselor"]
[Result "0-1"]
[WhiteElo "1976"]
[BlackElo "2154"]
[Opening "Neo-Grünfeld, 6.O-O c6"]
[ECO "D78"]
[Time "13:00:10"]
[TimeControl "2700+45"]

1. d4 Nf6 2. c4 g6 3. Nf3 Bg7 4. g3 c6 5. Bg2 O-O 6. O-O d5 7. Nc3 dxc4 8. a4
Nd5 9. e4 Nxc3 10. bxc3 c5 11. Qe2 Nc6 12. Be3 Na5 13. Rfd1 Bg4 14. h3 Bxf3 15.
Bxf3 cxd4 16. cxd4 Rc8 17. e5 Qc7 18. Bf4 e6 19. d5 c3 20. d6 Qd7 21. Qc2 a6 22.
Rab1 Rc4 23. Be2 Qxa4 24. Rbc1 Qxc2 25. Rxc2 Rc5 26. d7 Nc6 27. Bf3 Nd8 28. Rd3
Bxe5 29. Bxe5 Rxe5 30. Rcxc3 f5 31. Rc7 Rb5 32. Rc8 Kf7 33. Rdc3 Ke7 34. R3c7 e5
35. Be2 Rd5 36. Rc5 Rxc5 37. Rxc5 Kd6 38. Ra5 Nc6 {White resigns} 0-1

[Event "Team 45 45 League T48"]
[Site "Internet Chess Club"]
[Date "2011.04.02"]
[Round "8"]
[White "fledermaus"]
[Black "BlackHorse"]
[Result "0-1"]
[WhiteElo "1905"]
[BlackElo "2060"]
[Opening "King's Indian: Kazakh variation"]
[ECO "E91"]
[Time "09:00:08"]
[TimeControl "2700+45"]

1. d4 Nf6 2. c4 g6 3. Nc3 Bg7 4. e4 d6 5. Nf3 O-O 6. Be2 Na6 7. O-O c5 8. d5 Qb6
9. a3 Bd7 10. Qc2 Ng4 11. Rb1 Nc7 12. h3 Ne5 13. Ne1 f5 14. f4 Nf7 15. Bd3 fxe4
16. Bxe4 Nh6 17. Nf3 Nf5 18. Kh2 Qa6 19. Bd3 e6 20. Bxf5 Rxf5 21. g4 Rff8 22.
Qd3 Bxc3 23. bxc3 exd5 24. Rd1 Ba4 25. Rd2 Bc6 26. Kg3 Rad8 27. cxd5 Nxd5 28.
Qxa6 bxa6 29. Rd3 c4 30. Rd4 Nxc3 31. Rb2 d5 32. Ne5 Bb5 33. Rc2 Ne4+ 34. Kg2
Nc5 35. Be3 Nb3 36. Rd1 d4 37. Bf2 d3 38. Rc3 Nd4 39. Be3 Ne2 40. Rxc4 Bxc4 41.
Nxc4 Nxf4+ 42. Bxf4 Rxf4 43. Ne5 d2 44. Kg3 Re4 45. Nf3 Re3 46. Kf2 Rxa3 {White
resigns} 0-1

[Event "Team 45 45 League T48"]
[Site "Internet Chess Club"]
[Date "2011.04.02"]
[Round "8"]
[White "Freitac"]
[Black "jonesey"]
[Result "0-1"]
[WhiteElo "1958"]
[BlackElo "2022"]
[Opening "QGD semi-Slav: 5.e3"]
[ECO "D45"]
[Time "09:00:07"]
[TimeControl "2700+45"]

1. d4 c6 2. c4 d5 3. Nc3 Nf6 4. e3 e6 5. Nf3 Bd6 6. Qc2 O-O 7. c5 Bc7 8. Bd3
Nbd7 9. g4 e5 10. Nxe5 Nxe5 11. dxe5 Bxe5 12. g5 Bxc3+ 13. Qxc3 Ne4 14. Bxe4
dxe4 15. b3 Qxg5 16. Bb2 Rd8 17. Rd1 Bg4 18. Rd6 Bf3 19. Rf1 Rxd6 20. cxd6 Rd8
21. Qe5 Qxe5 22. Bxe5 f6 23. Bg3 g5 24. Rg1 Kf7 25. Kd2 h5 26. h3 h4 27. Bh2 Ke6
28. Kc3 Rxd6 29. Bxd6 Kxd6 30. b4 g4 {White resigns} 0-1

[Event "Team 45 45 League T48"]
[Site "Internet Chess Club"]
[Date "2011.04.02"]
[Round "8"]
[White "fishhead"]
[Black "Uragon-bocho"]
[Result "0-1"]
[WhiteElo "1785"]
[BlackElo "1978"]
[Opening "Scandinavian (center counter) defense"]
[ECO "B01"]
[Time "15:18:30"]
[TimeControl "2700+45"]

1. e4 d5 2. exd5 Qxd5 3. Nc3 Qa5 4. d4 c6 5. Bc4 e6 6. Ne2 Nf6 7. Bd2 Qc7 8. Be3
b5 9. Bb3 a5 10. a3 Bb7 11. f3 Nbd7 12. Qd2 a4 13. Ba2 b4 14. axb4 Bxb4 15. Bc4
Nb6 16. Qd3 Nxc4 17. Qxc4 Nd5 18. Bd2 Ba6 19. Rxa4 Bxc4 20. Rxa8+ Kd7 21. Rxh8
h6 22. Kf2 Bxc3 23. bxc3 Bxe2 24. Kxe2 Ke7 25. g3 Qa5 26. c4 Qa6 27. Kd3 Nb6 28.
Bb4+ Kf6 29. c3 Qxc4+ 30. Kc2 Qa2+ 31. Kd3 Qf2 32. Ra1 Qxf3+ 33. Kc2 Qe2+ 34.
Kb3 Qc4+ 35. Kc2 Nd5 36. Ba5 Ne3+ 37. Kd2 Nf1+ 38. Ke1 Nxh2 39. Kf2 Qd5 40. Bc7
Qf3+ 41. Kg1 Qxc3 42. Be5+ Kg6 43. Ra7 Ng4 44. Kg2 Qc2+ 45. Kf3 Qf2+ 46. Kxg4
Qf5+ 47. Kh4 Qh5# {White checkmated} 0-1

[Event "Team 45 45 League T48"]
[Site "Internet Chess Club"]
[Date "2011.04.01"]
[Round "8"]
[White "Chatica"]
[Black "playwaycool"]
[Result "1-0"]
[WhiteElo "2128"]
[BlackElo "2060"]
[Opening "Nimzovich-Larsen attack"]
[ECO "A01"]
[Time "23:08:02"]
[TimeControl "2700+45"]

1. b3 Nc6 2. Bb2 Nf6 3. e3 e5 4. Bb5 a6 5. Bxc6 dxc6 6. Bxe5 Qd5 7. Nf3 Bg4 8.
Bxc7 Qh5 9. O-O Nd5 10. Bg3 O-O-O 11. h3 Bf5 12. d3 Bd6 13. Bxd6 Rxd6 14. Ne5
Qh4 15. Kh2 Re8 16. Nf3 Qh6 17. Nbd2 Rg6 18. Rg1 Rxe3 19. fxe3 Nxe3 20. Qe2 Qf4+
21. Kh1 Bd7 22. Nf1 Nf5 23. Qe5 Qh6 24. Qc5 Rd6 25. Re1 g5 26. Re5 Rf6 27. N3h2
Qg6 28. Ng4 Rd6 29. Nge3 Nd4 30. Rxg5 Qf6 31. Rg8+ Kc7 32. Nc4 Bc8 33. Nxd6 Bxh3
34. Ne4 Bxg2+ 35. R8xg2 Qh4+ 36. Rh2 Qd8 37. Qa5+ b6 38. Qe5+ Kb7 39. Nd6+ Ka7
40. Qxd4 c5 41. Qe5 {Black resigns} 1-0

[Event "Team 45 45 League T48"]
[Site "Internet Chess Club"]
[Date "2011.04.03"]
[Round "8"]
[White "carokantor"]
[Black "Gregorio"]
[Result "0-1"]
[WhiteElo "1931"]
[BlackElo "2034"]
[Opening "Queen's pawn game"]
[ECO "A45"]
[Time "11:01:04"]
[TimeControl "2700+45"]

1. d4 Nf6 2. e3 e6 3. Bd3 c5 4. c3 b6 5. f4 Bb7 6. Nf3 Be7 7. O-O O-O 8. Nbd2
cxd4 9. exd4 Qc7 10. Ne5 d6 11. Ng4 Nbd7 12. h3 Nd5 13. Nf3 f5 14. Ngh2 N7f6 15.
Qe2 Ne4 16. Bxe4 fxe4 17. Ng5 Bxg5 18. fxg5 Rxf1+ 19. Nxf1 Ne7 20. Bf4 Rf8 21.
Bh2 Qd8 22. Qg4 Nf5 23. Re1 d5 24. Ne3 Nxe3 25. Rxe3 Rf5 26. h4 Qf8 27. Be5 Rf1+
28. Kh2 Qf7 29. Re2 Ba6 30. Re3 Rf2 31. b4 Bf1 32. Rg3 g6 33. Bf6 e3 34. Qd1 Qc7
35. Be5 e2 36. Qxe2 Rxe2 37. Bxc7 Rxa2 38. Kg1 Be2 39. Kh2 Kf7 40. Re3 Ke7 41.
Kg1 Kd7 42. Bb8 Bg4 43. Re1 Kc6 44. Rf1 Bf5 45. Rf4 a5 46. bxa5 bxa5 47. g4 Be4
48. Rf6 a4 49. Rxe6+ Kb5 50. Re7 a3 51. Rxh7 Rg2+ 52. Kf1 Kc4 53. Ra7 Kb3 54. h5
gxh5 55. gxh5 Rxg5 56. h6 Rh5 57. Bf4 Rf5 58. h7 Rxf4+ 59. Ke1 Rh4 {White
resigns} 0-1